 Dungeon Crawl Stone Soup version 0.17-a0-1738-g82cdc46 (webtiles) character file.

98 kae the Insei (level 4, -5/35 HPs)
             Began as a Demonspawn Monk on Aug 30, 2015.
             Killed by nerve-wracking pain
             ... invoked by Grinder
              (6 damage)
             ... on level 3 of the Dungeon.
             The game lasted 00:03:04 (2043 turns).

kae the Insei (Demonspawn Monk)                     Turns: 2043, Time: 00:03:04

Health: -5/35      AC:  2    Str: 11    XL:     4   Next: 43%
Magic:  4/4        EV: 12    Int: 12    God:
Gold:   114        SH:  3    Dex: 16    Spells: 0 memorised, 3 levels left

rFire  . . .     SeeInvis .       - Unarmed
rCold  + . .     Clarity  .     a - +0 robe
rNeg   . . .     SustAt   .     f - +0 buckler
rPois  .         Gourm    .     (no helmet)
rElec  .         Spirit   .     (no cloak)
rCorr  .         Warding  .     (no gloves)
rMut   .         Stasis   .     (no boots)
MR     .....                    (no amulet)
Stlth  ++........               (no ring)
                                h - ring of protection from cold

@: not resistant to hostile enchantments, unstealthy
A: claws 2
a: no special abilities


You were on level 3 of the Dungeon.
You were hungry.

You visited 1 branch of the dungeon, and saw 3 of its levels.

You collected 114 gold pieces.

Inventory:

Armour
 a - a +0 robe (worn)
 f - a +0 buckler (worn)
Jewellery
 h - a ring of protection from cold (left claw)
Scrolls
 g - a scroll of identify
Potions
 l - a potion of poison
 n - a potion of brilliance
Comestibles
 b - 2 bread rations
 d - 2 slices of pizza
 m - 2 meat rations


   Skills:
 - Level 3.0 Fighting
 - Level 2.6 Dodging
 - Level 1.7 Stealth
 + Level 5.4 Unarmed Combat


You had 3 spell levels left.
You didn't know any spells.

Dungeon Overview and Level Annotations

Branches:
Dungeon (3/15)

Altars:
Ashenzari
Kikubaaqudgha
Trog
Vehumet
Xom
Yredelemnul

Annotations:
D:3 exclusion: 2 doors, Grinder


Innate Abilities, Weirdness & Mutations

You have very sharp fingernails.


Message History

Unknown command.
You completely miss Grinder.
Grinder is severely wounded.
Grinder closely misses you.
Unknown command.
Drink which item? (? for menu, Esc to quit)
Okay, then.
You aren't carrying any items that can be evoked.
Unknown command.
Put on which piece of jewellery? (? for menu, Esc to quit)
Okay, then.
Unknown command.
Grinder gestures.
Grinder blinks!
Things that are here:
a club; a ring mail Grinder says, "My boss said I was rubbish.
His entrails said otherwise."
Grinder gestures at you. Pain shoots through your body!
You die...

######.# #.# #.#.#####.#
#.# #.####.#.#####.#
#.####........<.....###
#<............#......^#
######..###.###...###.#
######.#.###.# #...# #..
#....5###.##.###...#####
#.####.#.###.#.......#
##@)###.#.......#
##.............#
###<.........##
#..........#
#............
...............
................
.≈≈≈.≈≈≈≈≈≈≈≈≈≈≈
≈≈≈≈≈≈≈≈≈≈≈≈≈≈≈


You could see Grinder.

Vanquished Creatures
  3 adders
  An ooze (D:2)
  A worm (D:2)
  3 giant geckos
  An orc (D:3)
  6 giant cockroaches
  3 goblins
  8 hobgoblins
  4 jackals (D:2)
  A quokka (D:2)
  6 bats
  3 giant newts
  12 kobolds
  6 rats
58 creatures vanquished.

Notes
Turn   | Place    | Note
--------------------------------------------------------------
     0 | D:1      | kae the Demonspawn Monk began the quest for the Orb.
     0 | D:1      | Reached XP level 1. HP: 18/18 MP: 1/1
   145 | D:1      | Reached skill level 4 in Unarmed Combat
   190 | D:1      | Gained mutation: You have sharp fingernails. [demonic ancestry]
   190 | D:1      | Reached XP level 2. HP: 18/24 MP: 2/2
   719 | D:2      | Gained mutation: You have very sharp fingernails. [demonic ancestry]
   719 | D:2      | Reached XP level 3. HP: 22/29 MP: 3/3
   920 | D:2      | Reached skill level 5 in Unarmed Combat
  1215 | D:2      | Reached XP level 4. HP: 35/35 MP: 4/4
  1869 | D:3      | Found an ancient bone altar of Kikubaaqudgha.
  1870 | D:3      | Found a basalt altar of Yredelemnul.
  1870 | D:3      | Found a bloodstained altar of Trog.
  1870 | D:3      | Found a radiant altar of Vehumet.
  1876 | D:3      | Found a shattered altar of Ashenzari.
  1876 | D:3      | Found a shimmering altar of Xom.
  2026 | D:3      | Noticed Grinder
  2039 | D:3      | HP: 1/35 [Grinder (5)]
  2043 | D:3      | Killed from afar by Grinder

Vault maps used:
D:1:      dpeg_arrival_leaves_temple_mockup
D:2:      corexii_shack
D:3:      minmay_goblin_kobold_castle, minmay_overflow_temple_hex, uniq_grinder

Action                   |  1- 3 |  4- 6 || total
-------------------------+-------+-------++-------
Melee: Unarmed           |   107 |    50 ||   157
  Use: Scroll            |       |     8 ||     8
 Stab: Sleeping          |     7 |     2 ||     9
       Distracted        |       |     1 ||     1
  Eat: Chunk             |     1 |     2 ||     3
